 Dungeon Crawl Stone Soup version 0.23.1 (webtiles) character file.

Game seed: 1240047019998495675

11519 Monsterracer the Fighter (level 11, -13/91 (92) HPs)
             Began as a Demonspawn Gladiator on Mar 8, 2019.
             Was a Believer of Makhleb.
             Mangled by a manticore (15 damage)
             ... on level 11 of the Dungeon.
             The game lasted 00:22:48 (14735 turns).

Monsterracer the Fighter (Demonspawn Gladiator)    Turns: 14735, Time: 00:22:48

HP:   -13/91 (92)   AC: 18    Str: 19    XL:     11   Next: 50%
MP:   18/18         EV:  7    Int:  9    God:    Makhleb [**....]
Gold: 134           SH:  0    Dex: 14    Spells: 10/10 levels left

rFire    + . .     SeeInvis .     - Unarmed
rCold    + . .     Gourm    .   (no shield)
rNeg     . . .     Faith    .   H - +2 plate armour {rF+}
rPois    +         Spirit   .   (helmet restricted)
rElec    .         Reflect  .   r - +2 cloak
rCorr    .         Harm     .   (no gloves)
MR       .....                  (no boots)
Stlth    ..........             (no amulet)
HPRegen  0.25/turn              P - ring of poison resistance
MPRegen  0.16/turn              (no ring)

@: no status effects
A: claws 1, horns 1, talons 2, cold resistance 1, freezing cloud immunity
a: Minor Destruction, Renounce Religion


You were on level 11 of the Dungeon.
You worshipped Makhleb.
Makhleb was pleased with you.
You were not hungry.

You visited 2 branches of the dungeon, and saw 12 of its levels.
You also visited: Sewer.

You collected 694 gold pieces.
You spent 560 gold pieces at shops.


Innate Abilities, Weirdness & Mutations

You have sharp fingernails.
You have a pair of small horns on your head.
You have razor-sharp toenails.
Your flesh is cold resistant. (rC+)
You are immune to freezing clouds.


   Skills:
 - Level 10.7 Fighting
   Level 3.4(5.0) Axes
 - Level 5.6(6.1) Maces & Flails
 - Level 2.0 Throwing
 - Level 7.9 Armour
 - Level 2.8 Dodging
 + Level 6.4 Unarmed Combat
 - Level 9.6 Invocations


You had 10 spell levels left.
You didn't know any spells.
Your spell library contained the following spells:

 Spells                   Type           Power        Failure   Level  Hunger
 Flame Tongue             Conj/Fire      #....        100%        1    ##.....
 Summon Butterflies       Summ           #.......     100%        1    ##.....
 Throw Flame              Conj/Fire      #.....       100%        2    ###....
 Call Canine Familiar     Summ           #.......     100%        3    ####...
 Conjure Flame            Conj/Fire      #.......     100%        3    ####...
 Inner Flame              Hex/Fire       #.......     100%        3    ####...
 Sticky Flame             Conj/Fire      #.......     100%        4    #####..
 Summon Ice Beast         Ice/Summ       #.......     100%        4    #####..
 Fireball                 Conj/Fire      #.........   100%        5    ######.
 Summon Mana Viper        Hex/Summ       #.......     100%        5    ######.
 Summon Hydra             Summ           #.........   100%        7    #######

Inventory:

Hand Weapons
 b - a +0 whip of electrocution
   (You took it off a kobold on level 1 of the Dungeon)
Missiles
 d - 2 throwing nets (quivered) {!f}
Armour
 r - a +2 cloak (worn)
   (You took it off Crazy Yiuf on level 2 of the Dungeon)
 H - a +2 plate armour of fire resistance (worn)
   (You bought it in a shop on level 5 of the Dungeon)
Jewellery
 m - an uncursed ring of ice
   (You found it on level 5 of the Dungeon)
 q - a cursed ring of attention {unknown}
   (You found it on level 6 of the Dungeon)
 G - an uncursed ring of flight {unknown}
   (You found it on level 8 of the Dungeon)
 K - an uncursed ring of wizardry {unknown}
   (You found it on level 10 of the Dungeon)
 P - a ring of poison resistance (left claw)
   (You found it on level 5 of the Dungeon)
Wands
 y - a wand of polymorph (6)
   (You found it on level 5 of the Dungeon)
 A - a wand of iceblast (11)
   (You took it off Ijyb on level 5 of the Dungeon)
 J - a wand of paralysis (18)
   (You found it on level 10 of the Dungeon)
Scrolls
 a - 2 scrolls of fear {unknown}
 e - 12 scrolls of identify {unknown}
 h - 2 scrolls of blinking {unknown}
 i - 6 scrolls of teleportation {unknown}
 j - 2 scrolls of enchant weapon {unknown}
 k - a scroll of amnesia {unknown}
 o - 2 scrolls of random uselessness {unknown}
 p - 9 scrolls of remove curse {unknown}
 s - 2 scrolls of fog {unknown}
 t - a scroll of enchant armour {unknown}
 x - a scroll of noise {unknown}
 D - a scroll of vulnerability {unknown}
 M - a scroll of magic mapping {unknown}
Potions
 f - 5 potions of berserk rage {!q}
 g - 3 potions of flight {unknown}
 l - 4 potions of curing {unknown}
 n - 3 potions of lignification {unknown}
 u - 2 potions of heal wounds {unknown}
 v - a potion of might {unknown}
 w - a potion of agility {unknown}
 z - 4 potions of brilliance {unknown}
 B - a potion of cancellation {unknown}
 C - a potion of mutation {unknown}
 E - 2 potions of haste {unknown}
 F - a potion of magic {unknown}
 I - a potion of invisibility
 L - a potion of resistance {unknown}
Comestibles
 c - 14 rations

Dungeon Overview and Level Annotations

Branches:
Dungeon (11/15)            Temple (1/1) D:7             Orc (0/2) D:10
   Lair: D:8-11

Altars:
Ashenzari
Cheibriados
Dithmenos
Elyvilon
Fedhas
Gozag
Hepliaklqana
Kikubaaqudgha
Makhleb
Nemelex Xobeh
Okawaru
Qazlal
Ru
Sif Muna
Trog
Uskayaw
Vehumet
Wu Jian
Xom
Yredelemnul
Zin
The Shining One

Shops:
D:5 **   D:7 :

Annotations:
D:9 Erolcha

.# #.....#'##...#####..... .#
#.#####..#..##...##.[.. .#
#.#......#..#..$!$#....
.#####.#......#..#....?# ...
.......#......#..#=...[#
..D....#......#..##...†###.##
.<.r...#......#..O#'###O'...#
.......########..S..##'###.##
................@HO##FJ
....h............Z.#.OS
...................#.Z(
####.5.............##..
#....§...........###
#.......########... #.......#
.### #.......# .# #########


You could see a manticore, 2 ogres, an adder and a wyvern skeleton.


Message History

The bullfrog hits you.
You take 2 damage, and have 61/91 hp.
The bullfrog hits you.
The bullfrog hits you but does no damage.
You take 4 damage, and have 57/91 hp.
The bullfrog hits you but does no damage.
The bullfrog swells and bulges.
The bullfrog hits you but does no damage.
There is an open door here.
The bullfrog hits you but does no damage.
The bullfrog hits you.
The bullfrog hits you but does no damage.
You take 5 damage, and have 52/91 hp.
The bullfrog hits you but does no damage. x3
The bullfrog hits you but does no damage.
The bullfrog hits you.
You take 1 damage, and have 51/91 hp.
The bullfrog barely misses you. The bullfrog hits you.
You take 3 damage, and have 48/91 hp.
The bullfrog hits you but does no damage. x2
You feel yourself speed up. The bullfrog barely misses you.
The bullfrog closely misses you. The bullfrog barely misses you.
The manticore flicks its tail.
The volley of spikes hits you!
The barbed spikes become lodged in your body.
* * * LOW HITPOINT WARNING * * *
The bullfrog hits you but does no damage.
You take 10 damage, and have 39/91 hp.
Unknown command.
Okay, then.
You closely miss the bullfrog. You claw the bullfrog!
The bullfrog is moderately wounded.
The bullfrog closely misses you.
You barely miss the bullfrog. You headbutt the bullfrog.
The bullfrog is severely wounded.
The bullfrog barely misses you.
Your plate armour prevents you from hitting the bullfrog.
You claw the bullfrog. x2
You kill the bullfrog!
Makhleb accepts your kill.
You feel better.
You regained 4 hp, and now have 44/91 hp.
Press: ? - help, Shift-Dir - straight line, f - manticore
Aim: a manticore The glob of acid hits the manticore.
The manticore is splashed with acid.
The manticore is lightly wounded.
The manticore is splashed with acid.
The manticore bites you.
* * * LOW HITPOINT WARNING * * *
The manticore claws you but does no damage. x2
You take 7 damage, and have 37/91 hp.
Unknown command.
You scratch the manticore but do no damage.
You claw the manticore!
The manticore is heavily wounded.
The manticore closely misses you.
The manticore claws you but does no damage.
The manticore claws you!
* * * LOW HITPOINT WARNING * * *
The wyvern skeleton bites you!
* * * LOW HITPOINT WARNING * * *
The adder bites you but does no damage.
You take 17 damage, and have 20/91 hp.
You barely miss the manticore. You headbutt the manticore.
The manticore is heavily wounded.
The wyvern skeleton closely misses you. The manticore bites you.
* * * LOW HITPOINT WARNING * * *
The manticore claws you.
* * * LOW HITPOINT WARNING * * *
The manticore barely misses you. The adder barely misses you.
You take 3 damage, and have 17/91 hp.
Your plate armour prevents you from hitting the manticore.
You claw the manticore, but do no damage.
The manticore is heavily wounded.
The wyvern skeleton bites you but does no damage.
The manticore bites you but does no damage.
The manticore claws you.
* * * LOW HITPOINT WARNING * * *
The manticore claws you!
* * * LOW HITPOINT WARNING * * *
The adder bites you but does no damage.
You take 9 damage, and have 8/91 hp.
You barely miss the manticore. You claw the manticore!
The manticore is severely wounded.
The wyvern skeleton bites you.
* * * LOW HITPOINT WARNING * * *
The adder barely misses you.
The manticore bites you but does no damage.
The manticore claws you.
* * * LOW HITPOINT WARNING * * *
The manticore claws you but does no damage.
The wyvern skeleton barely misses you.
You take 6 damage, and have 2/91 hp.
You barely miss the wyvern skeleton. You claw the wyvern skeleton.
The wyvern skeleton is lightly damaged.
You carefully extract the barbed spikes from your body.
The adder bites you but does no damage.
The wyvern skeleton bites you but does no damage.
The manticore bites you!
You die...

Skill      XL: |  1  2  3  4  5  6  7  8  9 10 11 |
---------------+----------------------------------+-----
Throwing       | 2 |  2.0
Axes           | 3 |  3.4
Fighting       | 3 4 5 8 9 10 | 10.7
Maces & Flails | 2 3 4 5 |  5.6
Armour         | 4 6 7 |  7.9
Invocations    | 9 |  9.6
Unarmed Combat | 1 6 |  6.4
Dodging        | |  2.8

Action                   |  1- 3 |  4- 6 |  7- 9 | 10-12 || total
-------------------------+-------+-------+-------+-------++-------
Melee: War axe           |    80 |       |       |       ||    80
       Whip              |    42 |   190 |   394 |   404 ||  1030
       Headbutt          |       |    29 |    72 |    82 ||   183
       Kick              |       |     9 |   127 |   151 ||   287
       Unarmed           |       |       |       |    30 ||    30
       Punch             |       |       |       |     1 ||     1
Throw: Throwing net      |       |     2 |       |     2 ||     4
Invok: Minor Destruction |       |       |       |     1 ||     1
 Stab: Held in net/web   |       |     2 |       |       ||     2
  Eat: Chunk             |     1 |     8 |    14 |    15 ||    38
       Ration            |       |       |     1 |     1 ||     2
Armor: Leather armour    |    43 |     2 |       |       ||    45
       Ring mail         |       |    43 |    22 |       ||    65
       Chain mail        |       |       |   184 |    68 ||   252
       Plate armour      |       |       |       |   255 ||   255
Dodge: Dodged            |   106 |   112 |   147 |   168 ||   533

Levels and vault maps discovered:
D:1:      roderic_crop_circles_arrival_small, layout_basic,
          minmay_misc_feat_tower, chequers_serial_rivers_large_a,
          dk_noncrumbling_3
D:2:      layout_rooms, uniq_crazy_yiuf_cottage
D:3:      layout_loops_ring, grunt_temple_overflow_gold_and_silver,
          led_sif_pool, portal_sewer_entry_d, first_ration, uniq_grinder
D:4:      layout_loops_corners, grunt_temple_overflow_octagram, uniq_duvessa
D:5:      layout_gridville, serial_shops, kennysheep_little_box,
          nicolae_gozag_zags_fifth_avenue, uniq_ijyb, uniq_blork_the_orc
D:6:      minmay_flawed_box, layout_loops_corners, grunt_qazlal_clouds,
          chequers_serial_rivers_micro_b
D:7:      layout_loops_corners, minmay_temple_entry_mini_moons, serial_shops,
          shop, the_bakery, uniq_pikel
D:8:      layout_basic, okawaru_humans, kennysheep_generic_room_8
D:9:      layout_cave_pools, lair_entry_dummy, basic_altar, st_stairs_8,
          lemuel_mausoleum_altar_yredelemnul, uniq_erolcha
D:10:     layout_layer_cave, minmay_orc_entry_guard_dogs, basic_altar
D:11:     layout_irregular_city, minmay_joined_circles
Temple:   cyrus_temple_forest
Sewer:    sewer_kobolds

Notes
Turn   | Place    | Note
-------+----------+-------------------------------------------
     0 | D:1      | Monsterracer the Demonspawn Gladiator began the quest for
                  | the Orb.
     0 | D:1      | Reached XP level 1. HP: 16/16 MP: 1/1
   341 | D:1      | Gained mutation: Your flesh is cold resistant. (rC+)
                  | [demonic ancestry]
   341 | D:1      | Reached XP level 2. HP: 20/22 MP: 2/2
   416 | D:1      | HP: 11/22 [ooze (3)]
   800 | D:1      | Reached XP level 3. HP: 25/28 MP: 3/3
   932 | D:1      | HP: 6/28 [kobold/+0 whip of electrocution (15)]
   954 | D:1      | HP: 7/28 [bat (1)]
  1465 | D:1      | Reached skill level 3 in Fighting
  1850 | D:2      | Gained mutation: You have a pair of small horns on your
                  | head. [demonic ancestry]
  1850 | D:2      | Reached XP level 4. HP: 24/35 MP: 4/4
  2431 | D:2      | Found a runed translucent door.
  2432 | D:2      | Noticed Crazy Yiuf
  2437 | D:2      | Killed Crazy Yiuf
  2437 | D:2      | Reached skill level 4 in Fighting
  2437 | D:2      | Gained mutation: You are immune to freezing clouds.
                  | [demonic ancestry]
  2437 | D:2      | Reached XP level 5. HP: 39/42 MP: 5/5
  2618 | D:3      | Found a glowing silver altar of Zin.
  2619 | D:3      | Found an opulent altar of Gozag.
  2742 | D:3      | Found a deep blue altar of Sif Muna.
  2780 | D:3      | Reached skill level 1 in Maces & Flails
  2946 | D:3      | Found a glowing drain.
  2955 | Sewer    | Entered a sewer
  3052 | Sewer    | Reached skill level 5 in Fighting
  3052 | Sewer    | Gained mutation: You have sharp toenails. [demonic
                  | ancestry]
  3052 | Sewer    | Reached XP level 6. HP: 38/51 MP: 6/6
  3142 | Sewer    | Found a glowing silver altar of Zin.
  3321 | D:3      | Noticed Grinder
  3327 | D:3      | Paralysed by Grinder for 2 turns
  3342 | D:3      | Paralysed by Grinder for 5 turns
  3348 | D:3      | Killed Grinder
  3950 | D:4      | Reached XP level 7. HP: 57/57 MP: 7/7
  4191 | D:4      | Noticed Duvessa
  4191 | D:4      | Noticed Dowan
  4221 | D:4      | Killed Duvessa
  4221 | D:4      | Reached skill level 6 in Fighting
  4234 | D:4      | Killed Dowan
  4495 | D:4      | HP: 27/59 [phantom (6)]
  4500 | D:4      | Reached skill level 7 in Fighting
  5149 | D:4      | Found a glowing golden altar of the Shining One.
  5156 | D:4      | Found a shattered altar of Ashenzari.
  5161 | D:4      | Found a radiant altar of Vehumet.
  5168 | D:4      | Found a snail-covered altar of Cheibriados.
  5173 | D:4      | Found a white marble altar of Elyvilon.
  5184 | D:4      | Found a shimmering altar of Xom.
  5191 | D:4      | Found a sacrificial altar of Ru.
  5276 | D:5      | Entered Level 5 of the Dungeon
  5289 | D:5      | Noticed Blork the orc
  5296 | D:5      | Killed Blork the orc
  5393 | D:5      | Noticed Ijyb
  5400 | D:5      | Killed Ijyb
  5400 | D:5      | Reached skill level 8 in Fighting
  5423 | D:5      | Reached XP level 8. HP: 63/68 MP: 8/8
  5690 | D:5      | Reached skill level 1 in Armour
  5823 | D:5      | Found an opulent altar of Gozag.
  5827 | D:5      | Found Gozag's Platinum Reserve.
  5960 | D:5      | Found Acvis's General Store.
  6609 | D:6      | Reached skill level 9 in Fighting
  6937 | D:6      | Found a stormy altar of Qazlal.
  7442 | D:7      | You fall through a shaft for 2 floors!
  7442 | D:9      | Noticed a seven-headed hydra
  7453 | D:9      | Found an ancient bone altar of Kikubaaqudgha.
  7459 | D:9      | Noticed a troll
  7474 | D:10     | Entered Level 10 of the Dungeon
  7474 | D:10     | Found an ornate altar of the Wu Jian Council.
  7495 | D:10     | HP: 35/71 [poisoned by a water moccasin]
  7499 | D:10     | Gained mutation: You have razor-sharp toenails. [demonic
                  | ancestry]
  7499 | D:10     | Reached XP level 9. HP: 32/77 MP: 9/9
  7500 | D:10     | HP: 30/77 [poisoned by a water moccasin]
  7505 | D:10     | HP: 27/77 [poisoned by a water moccasin]
  7510 | D:10     | HP: 25/77 [poisoned by a water moccasin]
  7515 | D:10     | HP: 24/77 [poisoned by a water moccasin]
  7522 | D:10     | HP: 24/77 [poisoned by a water moccasin]
  7530 | D:10     | HP: 24/77 [poisoned by a water moccasin]
  7850 | D:10     | HP: 36/78 [centaur (7)]
  8115 | D:8      | Reached skill level 5 in Armour
  8127 | D:9      | Reached skill level 10 in Fighting
  8207 | D:8      | Reached skill level 5 in Maces & Flails
  8943 | D:7      | Found a staircase to the Ecumenical Temple.
  8980 | D:7      | Reached XP level 10. HP: 80/86 MP: 10/10
  8988 | D:7      | Noticed Pikel
  8990 | Temple   | Entered the Ecumenical Temple
  9043 | Temple   | Became a worshipper of Makhleb the Destroyer
  9119 | D:7      | Killed Pikel
  9608 | D:7      | Found Offo's Book Shop.
 10510 | D:8      | Reached skill level 5 in Invocations
 10658 | D:8      | Found an iron altar of Okawaru.
 10941 | D:5      | Bought a +2 plate armour of fire resistance for 560 gold
                  | pieces
 11042 | D:9      | Noticed Erolcha
 11395 | D:10     | Found a staircase to the Orcish Mines.
 12066 | D:10     | Reached * piety under Makhleb
 12086 | D:10     | HP: 41/86 [killer bee (7)]
 12092 | D:10     | HP: 41/86 [poisoned by a killer bee]
 12100 | D:10     | HP: 40/86 [poisoned by a killer bee]
 12806 | D:11     | Noticed a six-headed hydra
 12952 | D:10     | HP: 37/86 [vampire/vampiric draining (15)]
 13199 | D:11     | Noticed a two-headed ogre
 13209 | D:11     | HP: 43/86 [two-headed ogre/+0 giant club (3)]
 13210 | D:11     | HP: 18/86 [two-headed ogre/+0 giant club (25)]
 13212 | D:11     | Killed a two-headed ogre
 13212 | D:11     | Reached skill level 1 in Unarmed Combat
 13212 | D:11     | Gained mutation: You have sharp fingernails. [demonic
                  | ancestry]
 13212 | D:11     | Reached XP level 11. HP: 19/92 MP: 16/18
 13307 | D:11     | HP: 33/92 [wraith (9)]
 13318 | D:10     | HP: 29/92 [necrophage (4)]
 13323 | D:10     | HP: 26/91 [wraith (5)]
 13328 | D:10     | HP: 19/91 [wraith (8)]
 13333 | D:10     | HP: 17/91 [wraith (3)]
 13949 | D:11     | Noticed a two-headed ogre
 13958 | D:11     | HP: 37/91 [two-headed ogre/+0 giant spiked club (19)]
 13960 | D:11     | Killed a two-headed ogre
 14189 | D:11     | Reached skill level 5 in Unarmed Combat
 14200 | D:11     | Reached ** piety under Makhleb
 14353 | D:11     | HP: 41/91 [manticore (17)]
 14714 | D:11     | Killed an unseen horror
 14726 | D:11     | HP: 39/91 [manticore/volley of spikes (10)]
 14731 | D:11     | HP: 29/91 [manticore (8)]
 14733 | D:11     | HP: 8/91 [manticore (7)]
 14734 | D:11     | HP: 2/91 [manticore (3)]
 14735 | D:11     | Mangled by a manticore

Vanquished Creatures
  2 two-headed ogres (D:11)
  An unseen horror (D:11)
  Pikel (D:7)
  2 manticores (D:11)
  2 centaur zombies (D:9 D:7)
  A kobold demonologist (D:11)
  A troll (D:9)
  Grinder (D:3)
  3 hippogriffs (D:8 D:10)
  A vampire (D:10)
  A spriggan (D:7)
  3 wraiths (D:10 D:11)
  A wyvern (D:10)
  2 humans (D:8)
  4 yaks (D:11)
  3 wargs (D:10)
  Duvessa (D:4)
  A water moccasin (D:10)
  A black bear (D:11)
  2 phantoms (D:4 D:6)
  4 sky beasts (D:6 D:9 D:7 D:8)
  A slave (D:7)
  An ice beast (D:7)
  3 necrophages (D:8 D:10)
  7 centaurs (D:10 D:9 D:7 D:8)
  4 orc warriors (D:6 D:7 D:8 D:11)
  A crocodile (D:11)
  4 big kobolds (Sewer D:10 D:7 D:11)
  Blork the orc (D:5)
  3 bullfrogs (D:9 D:8 D:11)
  Dowan (D:4)
  3 scorpions (D:7 D:10)
  8 killer bees (D:7 D:10)
  4 wights (D:11)
  4 howler monkeys (D:7 D:11)
  2 crimson imps (D:5 D:11)
  2 quasits (D:8 D:10)
  8 hounds (D:4 D:5 D:6 D:7 D:8)
  4 orc priests (D:3 D:6 D:10 D:11)
  Crazy Yiuf (D:2)
  12 orc wizards (D:5 D:6)
  A centaur skeleton (D:8)
  2 jellies (D:10 D:11)
  4 bullfrog skeletons (D:7 D:11)
  Ijyb (D:5)
  7 iguanas (D:4 D:9 D:7 D:10 D:11)
  7 worker ants (D:4 D:9 D:8 D:11)
  A hound zombie (D:7)
  2 hound skeletons (D:5 D:7)
  A gnoll (D:10)
  2 worker ant zombies (D:10)
  16 adders (D:2 D:3 D:4 D:5 D:6)
  A shadow imp (D:9)
  An ooze (D:1)
  2 adder zombies (D:6 D:7)
  4 worms (D:2 D:3 D:5)
  5 dart slugs (D:1 D:2 D:4)
  8 leopard geckos (D:1 D:2 D:3 D:5)
  20 orcs (D:2 D:3 D:4 D:5 D:6)
  3 ball pythons (D:2 D:4)
  6 bats (D:1 D:2)
  5 giant cockroaches (D:2 D:3 D:5)
  3 goblins (D:1 D:2)
  10 hobgoblins (D:1 D:2 D:3)
  12 jackals (D:1 Sewer D:7)
  28 kobolds (D:1 D:2 D:3 Sewer D:10)
  7 quokkas (D:3 D:6 D:11)
  6 frilled lizards (D:1 D:2 D:3 D:4)
  A jackal skeleton (D:4)
  11 rats (D:1 D:2 D:3 Sewer)
  A fungus (D:2)
290 creatures vanquished.

Table legend:
 A = Turns spent in this place as a percentage of turns spent in the entire game.
 B = Non-inter-level travel turns spent in this place as a percentage of non-inter-level travel turns spent in the entire game.
 C = Inter-level travel turns spent in this place as a percentage of turns spent in this place.
 D = Turns resting spent in this place as a percentage of non-inter-level travel turns spent in this place.
 E = Turns spent auto-exploring this place as a percentage of non-inter-level travel turns spent in this place.
 F = Non-inter-level travel turns spent in this place divided by the number of levels of this place that you've seen.
                   A       B       C       D       E      F
               +-------+-------+-------+-------+-------+----------------------
         Total | 100.0 | 100.0 |   5.1 |  12.2 |  69.1 | 1076.1
       Dungeon |  97.4 |  97.6 |   4.9 |  12.5 |  68.9 | 1240.6
        Temple |   0.7 |   0.4 |  38.6 |   0.0 |  58.1 |  62.0
         Sewer |   1.9 |   2.0 |   0.0 |   0.0 |  80.0 | 280.0
               +-------+-------+-------+-------+-------+----------------------

Table legend:
 A = Non-vault XP
 B = Vault XP
 C = Vault XP percentage of total XP
 D = Non-vault monster count
 E = Vault monster count
 F = Vault count percentage of total count
                 A         B        C        D         E       F
            +---------+---------+-------+---------+---------+-------
      Total |   11719 |    4737 |  28.8 |     240 |      48 |  16.7
            +---------+---------+-------+---------+---------+-------
        D:1 |      71 |       0 |   0.0 |      33 |       0 |   0.0
        D:2 |      91 |      42 |  31.6 |      23 |       1 |   4.2
        D:3 |     128 |     295 |  69.7 |      21 |       2 |   8.7
        D:4 |     320 |     227 |  41.5 |      14 |       2 |  12.5
        D:5 |     188 |     127 |  40.3 |      12 |       2 |  14.3
        D:6 |     489 |     416 |  46.0 |      14 |      11 |  44.0
        D:7 |    1298 |     801 |  38.2 |      33 |       2 |   5.7
        D:8 |    1244 |     389 |  23.8 |      18 |       2 |  10.0
        D:9 |    1250 |       0 |   0.0 |      13 |       0 |   0.0
       D:10 |    2101 |    1231 |  36.9 |      25 |       8 |  24.2
       D:11 |    4539 |    1104 |  19.6 |      34 |       8 |  19.0
      Sewer |       0 |     105 | 100.0 |       0 |      10 | 100.0
            +---------+---------+-------+---------+---------+-------
